 Dungeon Crawl Stone Soup version 0.21-a0-258-g4c0eb85 (console) character file.

163 Mandevil the Bolt Thrower (level 5, 0/42 HPs)
             Began as a Human Hunter on Sept 6, 2017.
             Slain by a worker ant (5 damage)
             ... on level 3 of the Dungeon.
             The game lasted 00:07:19 (3036 turns).

Mandevil the Bolt Thrower (Human Hunter)            Turns: 3036, Time: 00:07:20

Health: 0/42       AC:  7    Str: 13    XL:     5   Next: 73%
Magic:  5/5        EV:  9    Int: 15    God:
Gold:   231        SH:  0    Dex: 14    Spells: 4/4 levels left

rFire    . . .     SeeInvis .   e - -1 short sword (curse)
rCold    . . .     Gourm    .   (no shield)
rNeg     . . .     Faith    .   h - +0 scale mail {MR+}
rPois    .         Spirit   .   (no helmet)
rElec    .         Reflect  .   (no cloak)
rCorr    .         Harm     .   (no gloves)
MR       +....                  o - +0 pair of boots
Stlth    ..........             (no amulet)
HPRegen  0.14/turn              c - +4 ring of intelligence
MPRegen  0.09/turn              (no ring)

@: lethally poisoned (0 -> -7)
A: no striking features
a: no special abilities


You were on level 3 of the Dungeon.
You were not hungry.

You visited 1 branch of the dungeon, and saw 3 of its levels.

You collected 231 gold pieces.

Inventory:

Hand Weapons
 a - a +0 short sword
 b - a +1 hand crossbow
 e - a cursed -1 short sword (weapon)
Missiles
 d - 16 bolts
Armour
 h - a +0 scale mail of magic resistance (worn)
 o - a +0 pair of boots (worn)
Jewellery
 c - a +4 ring of intelligence (left hand)
Scrolls
 i - a scroll of magic mapping
 j - 5 scrolls of identify
 n - 2 scrolls of teleportation
 r - a scroll of fog
Potions
 p - a potion of magic
 q - a potion of cancellation
Comestibles
 f - 2 bread rations
 g - a meat ration
 k - 4 fruits
 m - 4 chunks of flesh


   Skills:
 + Level 4.2 Fighting
 + Level 5.3 Crossbows
 - Level 2.0 Dodging
 - Level 1.0 Stealth


You had 4 spell levels left.
You didn't know any spells.

Dungeon Overview and Level Annotations

Branches:
Dungeon (3/15)

Altars:
Cheibriados
Gozag
Kikubaaqudgha
Ru
Trog


Message History

The worker ant is heavily wounded.
The worker ant bites you.
* * * LOW HITPOINT WARNING * * *
You are poisoned.
The worker ant poisons you!
You hit the worker ant but do no damage.
The worker ant is heavily wounded.
You feel sick. The worker ant bites you.
* * * LOW HITPOINT WARNING * * *
The worker ant bites you but does no damage.
Unknown command.
You feel better. The worker ant bites you.
* * * LOW HITPOINT WARNING * * *
You are lethally poisoned!
The worker ant poisons you!
You hit the worker ant.
The worker ant is heavily wounded.
* * * LOW HITPOINT WARNING * * *
You feel sick. The worker ant bites you.
You die...

### ........# ..#
........# #.#
........# ..#
........# ..#
........+ ..#
........### ..#
........'.# ..#
........#a# ..#
........#p# ).#
........#.# .##
........#.# .#
........#.# .#
........#.#
.###############.#
.................#
##################


You could see a worker ant.

Vanquished Creatures
  Jessica (D:2)
  Natasha (twice) (D:2 D:1)
  Terence (D:2)
  An adder (D:2)
  A worm (D:2)
  3 dart slugs
  8 bats
  A bat zombie (D:3)
  A giant cockroach (D:1)
  6 goblins
  8 hobgoblins
  A quokka (D:3)
  A ball python (D:1)
  5 frilled lizards
  3 kobolds
  6 rats
  4 rat zombies (D:3)
  A fungus (D:1)
54 creatures vanquished.

Notes
Turn   | Place    | Note
-------+----------+-------------------------------------------
     0 | D:1      | Mandevil the Human Hunter began the quest for the Orb.
     0 | D:1      | Reached XP level 1. HP: 16/16 MP: 1/1
   346 | D:1      | Reached XP level 2. HP: 22/22 MP: 2/2
  1080 | D:1      | Reached XP level 3. HP: 28/28 MP: 3/3
  1134 | D:2      | Noticed Natasha
  1139 | D:2      | Killed Natasha
  1170 | D:2      | Reached XP level 4. HP: 34/35 MP: 4/4
  1181 | D:2      | Noticed Terence
  1210 | D:2      | Killed Terence
  1256 | D:2      | Noticed Jessica
  1290 | D:2      | Killed Jessica
  1290 | D:2      | Reached skill level 5 in Crossbows
  1290 | D:2      | Reached XP level 5. HP: 18/42 MP: 5/5
  1530 | D:2      | Noticed Natasha
  1548 | D:1      | Killed Natasha
  2221 | D:2      | Found a bloodstained altar of Trog.
  2495 | D:2      | Found a sacrificial altar of Ru.
  2497 | D:2      | Found a snail-covered altar of Cheibriados.
  2625 | D:3      | Found an opulent altar of Gozag.
  2858 | D:3      | Found an ancient bone altar of Kikubaaqudgha.
  2914 | D:3      | Found a faded altar of an unknown god.
  3034 | D:3      | HP: 2/42 [worker ant (4)]
  3036 | D:3      | Slain by a worker ant

Vault maps used:
D:1:      onia_arrival_mini_spirals, minmay_gold_behind_fungi, nrook_uturn
D:2:      nicolae_overflow_crystal_walls, gammafunk_temple_overflow_statue,
          serial_park_tiny_pond, uniq_terence, uniq_jessica, uniq_natasha
D:3:      grunt_gozag_statues, lemuel_zombie_altar_kikubaaqudgha,
          nicolae_tso_swordbearing_angel, chequers_ecumenical_altar_grove,
          uniq_robin

Skill      XL: |  1  2  3  4  5 |
---------------+----------------+-----
Fighting       | 3 4 |  4.2
Crossbows      | 5 |  5.3
Dodging        | |  2.0
Stealth        | |  1.0

Action                   |  1- 3 |  4- 6 || total
-------------------------+-------+-------++-------
Melee: Short sword       |   111 |   222 ||   333
 Fire: Hand crossbow     |     9 |       ||     9
  Use: Scroll            |       |     7 ||     7
       Potion            |       |     5 ||     5
 Stab: Sleeping          |     1 |       ||     1
  Eat: Chunk             |     1 |     6 ||     7
Armor: Leather armour    |    17 |       ||    17
       Ring mail         |    12 |     4 ||    16
       Skin              |       |    15 ||    15
       Scale mail        |       |    95 ||    95
Dodge: Dodged            |    58 |   106 ||   164

Table legend:
 A = Spawn XP
 B = Non-spawn XP
 C = Spawn XP percentage of total XP
 D = Spawn monster count
 E = Non-spawn monster count
 F = Spawn count percentage of total count
 G = Total turns spent on level
                    A         B        C        D         E        F      G
               +---------+---------+-------+---------+---------+-------+---------
         Total |       0 |     234 |   0.0 |       0 |      53 |   0.0 |  3036
               +---------+---------+-------+---------+---------+-------+---------
           D:1 |       0 |      68 |   0.0 |       0 |      18 |   0.0 |  1351
           D:2 |       0 |     146 |   0.0 |       0 |      20 |   0.0 |  1245
           D:3 |       0 |      20 |   0.0 |       0 |      15 |   0.0 |   440
               +---------+---------+-------+---------+---------+-------+---------
